 Dungeon Crawl Stone Soup version 0.18-a0-1292-ge8ad84c (webtiles) character file.

25 Grap the Digger (level 3, -2/19 HPs)
             Began as a Gargoyle Earth Elementalist on Feb 10, 2016.
             Slain by a worm (9 damage)
             ... on level 2 of the Dungeon.
             The game lasted 00:03:32 (896 turns).

Grap the Digger (Gargoyle Earth Elementalist)        Turns: 896, Time: 00:03:32

Health: -2/19      AC:  5    Str: 11    XL:     3   Next: 4%
Magic:  3/6        EV: 12    Int: 16    God:
Gold:   50         SH:  0    Dex: 10    Spells: 1 memorised, 6 levels left

rFire  x . .     SeeInvis .     a - 35 stones
rCold  + . .     Gourm    .     i - +0 robe
rNeg   + . .     Faith    .     (no shield)
rPois  ∞         Spirit   .     (no helmet)
rElec  +         Dismiss  .     (no cloak)
rCorr  .         Reflect  .     (no gloves)
SustAt .         Harm     .     (no boots)
MR     .....                    (no amulet)
Stlth  ++........               (no ring)
                                g - ring of ice

@: not resistant to hostile enchantments, unstealthy
A: negative energy resistance 1, electricity resistance, unbreathing,
petrification resistance, rot immunity, AC +3
a: no special abilities


You were on level 2 of the Dungeon.
You were not hungry.

You visited 1 branch of the dungeon, and saw 2 of its levels.

You collected 50 gold pieces.

Inventory:

Hand Weapons
 b - a +0 dagger of flaming
Missiles
 a - 35 stones (in hand)
 e - 10 sling bullets
Armour
 i - a +0 robe (worn)
Jewellery
 g - a ring of ice (left hand)
Scrolls
 h - a scroll of teleportation {unknown}
 j - 2 scrolls of magic mapping {unknown}
 l - a scroll of random uselessness {unknown}
 m - a scroll of identify {unknown}
Potions
 k - a potion of invisibility {unknown}
Books
 c - a book of Geomancy

   Spells                             Type                      Level
   a - Sandblast                      Earth                        1
   b - Passwall                       Transmutation/Earth          2
   c - Stone Arrow                    Conjuration/Earth            3
   d - Petrify                        Transmutation/Earth          4
   e - Lee's Rapid Deconstruction     Earth                        5
Comestibles
 d - a bread ration


   Skills:
 - Level 1.5 Dodging
 - Level 2.1 Stealth
 + Level 2.5 Spellcasting
   Level 0.7 Transmutations
 * Level 4.4 Earth Magic


You had 6 spell levels left.
You knew the following spells:

 Your Spells              Type           Power        Failure   Level  Hunger
a - Sandblast             Erth           ###...       3%          1    #......


Dungeon Overview and Level Annotations

Branches:
Dungeon (2/15)

Altars:


Innate Abilities, Weirdness & Mutations

You are resistant to torment.
Your stone body is resilient (AC +3).
You are immune to poison.
You resist negative energy.
You are resistant to electric shocks.
You can survive without breathing.
You are immune to petrification.
You are immune to rotting.


Message History

You closely miss the giant gecko.
The giant gecko is moderately wounded.
The giant gecko closely misses you.
You hit the giant gecko. You burn the giant gecko.
The giant gecko is almost dead.
The giant gecko hisses menacingly.
The giant gecko closely misses you. The giant gecko bites you.
You barely miss the giant gecko.
The giant gecko is almost dead.
The giant gecko bites you.
Your +0 dagger of flaming stops flaming.
a - 36 stones (in hand)
Casting: Sandblast
Confirm with . or Enter, or press ? or * to list all spells.
Aiming: Sandblast
Press: ? - help, Shift-Dir - straight line, f/p - giant gecko
Aim: a giant gecko (almost dead)
The rocky blast misses the giant gecko.
The giant gecko barely misses you. The worm bites you!
You die...

..........
.#####.........
.......(...........
....[ ...#.........
.....###...........
##.................
...........wl$.....
...........@.......
..........#########
..........#######
....#............ #
###........##
###......# #<.....#
#......# .........


You could see a worm and a giant gecko.

Vanquished Creatures
  A worm (D:2)
  A giant gecko (D:1)
  2 giant cockroaches (D:1)
  4 hobgoblins (D:1)
  3 kobolds (D:1)
  A ball python (D:1)
  4 bats (D:1)
  2 giant newts (D:1)
  3 rats (D:1)
21 creatures vanquished.

Notes
Turn   | Place    | Note
--------------------------------------------------------------
     0 | D:1      | Grap the Gargoyle Earth Elementalist began the quest for the Orb.
     0 | D:1      | Reached XP level 1. HP: 10/10 MP: 3/3
   397 | D:1      | Reached XP level 2. HP: 10/15 MP: 1/5
   403 | D:1      | Reached skill level 4 in Earth Magic
   887 | D:2      | Reached XP level 3. HP: 17/19 MP: 4/6
   896 | D:2      | Slain by a worm

Vault maps used:
D:1:      tarquinn_simple_flora_water_b
D:2:      minmay_misc_feat_tiny, st_stairs_12, uniq_iyjb

Action                   || total
-------------------------++-------
Melee: Unarmed           ||    47
       Dagger            ||    39
 Cast: Sandblast         ||    20
 Stab: Sleeping          ||     1
